Map: World of Sleepers LE

Players

Lambo

  • Race: Zerg Zerg
  • Spawn Location: 7:00

Harstem - Winner!

  • Race: Protoss Protoss
  • Spawn Location: 1:00

VOD

Have the link to the VOD?

Description

Time

  • Played on: Sept. 6, 2019, 5:10 p.m.
  • Length: 10:52
Show
View Real Time Build Order
Export as new Build Order

Lambo Zerg 

Build Orders: Hatch First 

Get SALT Encoding   

  12  0:00  Drone  
  13  0:12  Overlord  
  13  0:16  Drone  
  14  0:31  Drone x2  
  16  0:47  Hatchery  
  15  0:51  Drone  
  15  0:54  Drone  
  15  0:57  Drone  
  18  1:09  Extractor  
  17  1:13  Spawning Pool  
  17  1:15  Drone  
  17  1:18  Drone  
  18  1:27  Drone  
  19  1:38  Drone  
  20  1:51  Overlord  
  20  1:59  Queen x2  
  20  2:00  Zergling x4  
  26  2:10  Drone  
  26  2:13  Drone  
  28  2:22  Drone x2  
  30  2:31  Drone  
  30  2:32  Drone  
  30  2:35  Hatchery  
  30  2:36  Pneumatized Carapace  
  32  2:44  Drone  
  32  2:48  Overlord  
  32  2:51  Queen  
  32  2:56  Drone x2  
  36  3:04  Metabolic Boost  
  36  3:09  Drone x4  
  36  3:11  Drone  
  41  3:15  Overlord  
  41  3:19  Drone  
  42  3:25  Drone  
  43  3:29  Roach Warren  
  43  3:31  Overlord  
  42  3:36  Drone  
  42  3:40  Drone  
  44  3:42  Drone  
  44  3:44  Extractor, Drone x2  
  44  3:45  Extractor  
  45  3:50  Drone  
  45  3:51  Drone  
  45  3:53  Drone  
  48  3:58  Drone x2  
  50  4:03  Queen  
  50  4:04  Overlord  
  51  4:11  Drone  
  51  4:15  Lair  
  51  4:16  Roach x3  
  58  4:18  Roach  
  58  4:22  Roach  
  58  4:23  Zergling x6  
  65  4:27  Roach  
  67  4:32  Zergling x2, Roach x2  
  67  4:37  Roach  
  67  4:38  Roach  
  72  4:43  Roach  
  73  4:48  Drone x2  
  68  4:54  Drone  
  66  5:05  Drone  
  67  5:13  Overseer  
  67  5:19  Drone  
  64  5:26  Drone x2  
  66  5:31  Drone x2  
  66  5:32  Drone  
  66  5:34  Drone  
  70  5:37  Drone  
  70  5:38  Drone  
  70  5:41  Evolution Chamber  
  70  5:42  Drone  
  72  5:44  Overseer  
  72  5:46  Drone  
  72  5:49  Drone  
  74  5:57  Overlord  
  74  6:02  Overlord  
  74  6:13  Overlord  
  74  6:16  Drone x8  
  82  6:20  Overlord  
  82  6:21  Drone x5  
  82  6:22  Drone x2  
  82  6:24  Zerg Missile Weapons Level 1  
  89  6:32  Drone  
  90  6:34  Extractor, Drone x2  
  90  6:35  Baneling Nest  
  90  6:36  Extractor  
  90  6:39  Drone x5  
  94  6:43  Drone x2  
  94  6:44  Drone x2  
  94  6:45  Drone  
  99  6:49  Drone  
  99  6:53  Drone x2  
  102  6:57  Extractor  
  101  7:02  Drone  
  101  7:05  Hatchery  
  101  7:09  Zergling x6, Roach  
  101  7:11  Overlord  
  101  7:12  Overlord x2  
  106  7:18  Overlord  
  106  7:20  Centrifical Hooks  
  106  7:22  Overlord  
  106  7:23  Infestation Pit  
  106  7:24  Overlord  
  106  7:25  Overseer  
  105  7:32  Roach  
  105  7:33  Roach x4  
  115  7:38  Roach x2  
  119  7:45  Zergling x8, Roach x2  
  119  7:48  Drone x3  
  130  7:51  Overlord  
  130  7:57  Drone x4  
  130  7:58  Spire  
  133  8:07  Hive  
  133  8:08  Drone x4  
  133  8:10  Drone  
  133  8:11  Drone  
  139  8:14  Ravager x3  
  139  8:15  Ravager  
  139  8:18  Zerg Melee Weapons Level 1  
  143  8:21  Unknown  
  143  8:22  Spore Crawler, Drone x3  
  143  8:24  Drone  
  144  8:28  Overlord  
  144  8:33  Overlord  
  143  8:34  Drone  
  143  8:35  Drone x2  
  143  8:37  Zergling x14  
  143  8:39  Ravager  
  154  8:43  Queen  
  154  8:45  Overlord  
  156  8:53  Hatchery  
  156  8:54  Baneling x7  
  155  8:58  Zergling x20  
  155  9:02  Overlord  
  165  9:04  Zergling x10  
  165  9:05  Baneling  
  165  9:06  Baneling x2  
  165  9:07  Ravager x3  
  173  9:11  Baneling x9  
  173  9:12  Zergling x2  
  173  9:14  Overlord  
  174  9:18  Baneling x9  
  174  9:28  Zergling x22  
  174  9:30  Glial Reconstitution  
  185  9:33  Ravager x3  
  185  9:34  Zergling x2  
  185  9:35  Zergling x6  
  192  9:41  Zergling x14  
  194  9:46  Zergling x6  
  194  9:49  Baneling x8  
  194  9:50  Baneling x4  
  194  9:52  Zergling x6  
  195  9:55  Baneling x6  
  195  10:03  Overseer  
  195  10:06  Overlord  
  191  10:07  Zergling x2  
  191  10:08  Zergling x14  
  191  10:09  Overlord  
  191  10:11  Baneling x3  
  192  10:17  Zergling x6  
  183  10:26  Drone x5  
  172  10:32  Drone x3  
Show
View Real Time Build Order
Export as new Build Order

Harstem Protoss - Winner!

Build Orders: 1 Gate Expand, Archon Immortal, Dark Templar Rush 

Get SALT Encoding   

  12  0:00  Probe  
  13  0:13  Probe  
  14  0:19  Pylon  
  14  0:24  Probe  
  15  0:29  Assimilator  
  15  0:33  Probe  
  15  0:41  Probe  
  16  0:47  Gateway  
  17  0:52  Probe  
  18  1:04  Probe  
  19  1:16  Probe  
  20  1:23  Nexus  
  20  1:33  Cybernetics Core  
  20  1:35  Probe  
  21  1:40  Assimilator  
  21  1:47  Probe  
  21  1:49  Pylon  
  22  1:59  Probe, Adept  
  23  2:10  Warp Gate  
  23  2:11  Probe  
  23  2:14  Twilight Council  
  26  2:23  Probe  
  27  2:30  Robotics Facility  
  27  2:32  Stalker  
  27  2:35  Probe  
  28  2:39  Probe  
  31  2:48  Probe  
  31  2:49  Resonating Glaives  
  32  2:51  Probe  
  33  3:00  Probe  
  33  3:03  Probe  
  35  3:06  Gateway x2  
  36  3:15  Probe  
  36  3:22  Warp Prism  
  36  3:25  Probe  
  39  3:28  Probe  
  40  3:36  Pylon  
  40  3:37  Probe  
  40  3:39  Dark Shrine  
  40  3:41  Probe  
  42  3:47  Pylon  
  42  3:53  Probe  
  44  4:01  Adept x3  
  44  4:02  Probe  
  50  4:05  Probe  
  50  4:08  Pylon  
  50  4:09  Assimilator  
  51  4:14  Assimilator  
  52  4:22  Adept x3  
  58  4:27  Gateway  
  58  4:28  Probe  
  58  4:29  Probe  
  59  4:40  Probe  
  56  4:50  Probe  
  53  4:53  Dark Templar x2  
  53  4:54  Zealot  
  53  4:55  Probe  
  54  5:02  Probe  
  53  5:07  Immortal, Probe  
  53  5:13  Nexus  
  54  5:15  Pylon  
  54  5:21  Probe  
  59  5:22  Probe  
  60  5:29  Zealot, Sentry x2  
  60  5:31  Forge  
  66  5:37  Immortal, Probe, Charge  
  67  5:49  Sentry  
  74  5:50  Probe  
  74  5:51  Zealot  
  74  5:52  Pylon  
  74  5:53  Probe  
  74  5:56  Protoss Ground Weapons Level 1  
  77  5:59  Pylon  
  77  6:02  Probe  
  78  6:06  Phoenix  
  78  6:07  Immortal  
  78  6:10  Probe  
  79  6:12  Stalker  
  85  6:23  Gateway  
  85  6:24  Gateway  
  85  6:26  Probe  
  85  6:27  Probe  
  85  6:28  Probe  
  88  6:38  Probe  
  88  6:39  Immortal, Probe  
  90  6:40  Gateway  
  90  6:42  Gateway, Probe  
  91  6:50  Probe  
  91  6:52  Probe  
  97  6:55  Assimilator  
  97  6:56  Probe  
  97  7:00  Assimilator  
  98  7:02  Probe  
  98  7:04  Probe  
  98  7:05  Templar Archives  
  101  7:08  Probe  
  101  7:11  Zealot x3  
  101  7:12  Pylon  
  101  7:14  Probe  
  108  7:18  Pylon  
  108  7:19  Pylon  
  108  7:21  Pylon  
  108  7:24  Shield Battery  
  108  7:31  Probe  
  108  7:33  Psionic Storm, Pylon  
  108  7:36  Zealot x2, Dark Templar  
  115  7:45  High Templar x3  
  121  8:00  Nexus  
  121  8:04  Probe  
  122  8:05  Pylon  
  122  8:07  High Templar x2  
  122  8:08  Photon Cannon, Probe  
  122  8:09  Unknown, Probe  
  128  8:16  Gateway  
  128  8:18  Gateway, Probe, Protoss Ground Weapons Level 2  
  129  8:21  Probe  
  129  8:26  Probe  
  131  8:30  Photon Cannon  
  131  8:33  Photon Cannon  
  129  8:39  Probe  
  129  8:40  High Templar  
  129  8:41  Zealot x2, Dark Templar x2  
  134  8:42  Zealot x2  
  134  8:44  Observer  
  134  8:47  Pylon  
  144  8:48  Archon  
  144  8:55  Warp Prism, Pylon  
  145  9:05  Zealot, High Templar x2  
  145  9:06  Zealot x2  
  157  9:10  Archon  
  157  9:15  Pylon  
  157  9:19  Pylon  
  157  9:22  Zealot x2  
  157  9:23  Stargate  
  161  9:30  High Templar x2  
  161  9:31  Zealot x3  
  171  9:34  Pylon  
  171  9:39  Archon  
  171  9:52  Dark Templar x3  
  167  9:53  Dark Templar  
  167  9:56  Archon  
  167  9:58  Archon  
  173  10:01  Zealot x4  
  169  10:24  Zealot x7  
  183  10:31  Zealot, Dark Templar x2  
  171  10:35  Archon  
Tags
 
Add a new tag
Caveats
  • Supply blocks, unpowered buildings, or Contaminate may cause inaccurate times.
  • Supply counts are checked every 10 seconds.